 Dungeon Crawl Stone Soup version 0.26.0-45-g9c1d065592 (webtiles) character file.

Game seed: 4224791587566744692

69 H0rd4k the Insei (level 4, 0/28 HPs)
             Began as an Octopode Transmuter on Jan 28, 2021.
             Succumbed to an adder's poison
             ... on level 2 of the Dungeon.
             The game lasted 00:01:43 (1979 turns).

H0rd4k the Insei (Octopode Transmuter)              Turns: 1979, Time: 00:01:44

Health: 0/28       AC:  1    Str:  9    XL:     4   Next: 20%
Magic:  4/7        EV: 14    Int: 16    God:
Gold:   65         SH:  0    Dex: 12    Spells: 6/7 levels left

rFire    . . .     SeeInvis .     - Unarmed
rCold    . . .     Faith    .   (no shield)
rNeg     . . .     Spirit   +   (helmet restricted)
rPois    .         Reflect  .   b - amulet of guardian spirit
rElec    .         Harm     .   (no ring)
rCorr    .         Rampage  .   (no ring)
Will     .....                  (no ring)
Stlth    +++.......             (no ring)
HPRegen  0.09/turn              (no ring)
MPRegen  0.10/turn              (no ring)
                                (no ring)
                                (no ring)

@: brilliant, lethally poisoned (0 -> -2), attractive, very slightly
contaminated, hasted, very quick
A: almost no armour, stealthy swim, amphibious, 8 rings, constrict 8, camouflage
1, gelatinous body 1
a: no special abilities


You were on level 2 of the Dungeon.
You visited 1 branch of the dungeon, and saw 2 of its levels.

You collected 65 gold pieces.

Inventory:

Jewellery
 b - an amulet of guardian spirit (around mantle)
Scrolls
 h - a scroll of fear
 l - a scroll of blinking
Potions
 c - a potion of brilliance


   Skills:
 + Level 1.2 Fighting
 + Level 2.8 Dodging
 + Level 1.0 Stealth
 + Level 3.9 Unarmed Combat
 + Level 2.4 Spellcasting
 + Level 2.0 Transmutations


You had 6 spell levels left.
You knew the following spells:

 Your Spells              Type           Power        Failure   Level
a - Beastly Appendage     Tmut           24%          9%          1

Your spell library contained the following spells:

 Spells                   Type           Power        Failure   Level
 Wereblood                Tmut           12%          13%         2
 Spider Form              Tmut/Pois      3%           36%         3
 Ice Form                 Ice/Tmut       7%           78%         4
 Blade Hands              Tmut           6%           94%         5


Dungeon Overview and Level Annotations

Branches:
Dungeon (2/15)

Altars:


Innate Abilities, Weirdness & Mutations

You cannot wear most types of armour.
You are very stealthy in the water. (Stealth+)
You are amphibious.
You can wear up to eight rings at the same time.
You can use your tentacles to constrict eight enemies at once.
Your skin changes colour to match your surroundings (Stealth+).
Your rubbery body absorbs attacks. (AC +1, EV +1)


Message History

* * * LOW HITPOINT WARNING * * *
You feel sick. The jackal is pulled toward you!
You closely miss the jackal.
The jackal barks!
You grab the jackal. You constrict the jackal. The jackal misses you.
You tentacle-slap the jackal but do no damage.
The jackal is lightly wounded.
You constrict the jackal. The jackal bites you.
You tentacle-slap the jackal.
The jackal is heavily wounded.
You constrict the jackal, but do no damage.
The jackal misses you.
You tentacle-slap the jackal but do no damage.
You squeeze the jackal.
The jackal is almost dead.
You constrict the jackal.
You kill the jackal!
Your Stealth skill increases to level 1!
You die...

#.# #.# #..# #.# #.# #+# #..#
#.# #.+ ##.# +..# #.###.#
#...# #..# ## #.....# #.....#
#..### #.#
#####†##..###..##....# ..#
#.#.........#....# ..#
#####...#######......######..#
......†.........@#.........#
.##......#######.#.#######.#
.##......# ....# #.#
.######### .#.... #.# .#
#.##### #.# .# # #.# .# #.# .#
#.# .########


There were no monsters in sight!

Vanquished Creatures
  An adder (D:2)
  2 oozes (D:1)
  A dart slug (D:2)
  2 leopard geckos (D:1)
  2 giant cockroaches (D:1)
  3 goblins (D:1)
  5 hobgoblins
  7 jackals
  5 kobolds
  8 bats
  4 frilled lizards
  6 rats
46 creatures vanquished.

Notes
Turn   | Place    | Note
-------+----------+-------------------------------------------
     0 | D:1      | H0rd4k the Octopode Transmuter began the quest for the Orb.
     0 | D:1      | Reached XP level 1. HP: 13/13 MP: 3/3
    54 | D:1      | Reached XP level 2. HP: 12/18 MP: 5/5
  1066 | D:1      | Reached XP level 3. HP: 23/23 MP: 6/6
  1943 | D:2      | Reached XP level 4. HP: 10/28 MP: 3/7
  1967 | D:2      | HP: 1/28 [poisoned by an adder]
  1973 | D:2      | HP: 1/28 [poisoned by an adder]
  1979 | D:2      | Reached skill level 1 in Stealth
  1979 | D:2      | Succumbed to an adder's poison

Illustrated notes

Levels and vault maps discovered:
D:1:      minmay_arrival_radiant_lines, layout_loops_corners
D:2:      layout_basic, lemuel_round_altar, grunt_decor_arrowhead, uniq_natasha

Skill      XL: |  1  2  3  4 |
---------------+-------------+-----
Stealth        | 1 |  1.0
Fighting       | |  1.2
Dodging        | |  2.8
Unarmed Combat | |  3.9
Spellcasting   | |  2.4
Transmutations | |  2.0

Action                   |  1- 3 |  4- 6 || total
-------------------------+-------+-------++-------
Melee: Unarmed           |   119 |     9 ||   128
       Constrict         |    30 |     4 ||    34
       Tentacles         |    13 |     2 ||    15
       Punch             |     1 |       ||     1
       Kick              |     2 |     1 ||     3
 Cast: Beastly Appendage |     2 |       ||     2
  Use: Scroll            |       |     6 ||     6
       Potion            |       |     4 ||     4
 Stab: Sleeping          |     6 |       ||     6
       Distracted        |     1 |       ||     1
       Invisible         |       |     1 ||     1
Armor: Skin              |    12 |       ||    12
Dodge: Dodged            |    99 |     6 ||   105
